 Dungeon Crawl Stone Soup version 0.30.1-11-g7821555f0a (webtiles) character file.

Game seed: 9423003994367980654

31 Nooble the Ruffian (level 3, 36/36 HPs)
             Began as a Troll Berserker on Nov 21, 2023.
             Was a Follower of Trog.
             Quit the game on level 2 of the Dungeon.
             The game lasted 00:10:53 (1291 turns).

Nooble the Ruffian (Troll Berserker)                Turns: 1291, Time: 00:10:54

Health: 36/36      AC:  4    Str: 25    XL:     3   Next: 7%
Magic:  2/2        EV: 10    Int:  3    God:    Trog [*.....]
Gold:   82         SH:  0    Dex: 11    Spells: 2/2 levels left

rFire   . .          .
                       - Unarmed
rCold   . . .        (no shield)
rNeg    . . .        a - +0 animal skin
rPois   .            (helmet restricted)
rElec   .            (no cloak)
rCorr   .            (gloves unavailable)
SInv    .            (boots unavailable)
Will    .....        (no amulet)
Stlth   +            (no ring)
HPRegen 1.06/turn    (no ring)
MPRegen 0.08/turn

%: no passive effects
@: no status effects
A: large, unfitting armour, claws 3, regeneration 1, shaggy fur 1, tough skin 1
a: Renounce Religion, Berserk


You were on level 2 of the Dungeon.
You worshipped Trog.
Trog was aware of your devotion.
You visited 1 branch of the dungeon, and saw 2 of its levels.

You collected 82 gold pieces.

Inventory:

Missiles
 b - 21 stones (quivered)
Armour
 a - a +0 animal skin (worn)
 c - a +2 helmet
 d - a +0 ring mail
 h - a +2 pair of gloves of hurling
Jewellery
 e - an amulet of regeneration
 g - a ring of positive energy
Scrolls
 f - 2 scrolls of blinking {unknown}


   Skills:
 * Level 2.8 Fighting
 + Level 0.3 Throwing
 * Level 2.7 Dodging
 * Level 3.4 Unarmed Combat


You had 2 spell levels left.
You didn't know any spells.
Your spell library was empty.

Dungeon Overview and Level Annotations

Branches:
Dungeon (2/15)

Altars:


Innate Abilities, Weirdness & Mutations

You are too large for most types of armour.
You have claws for hands.
Your natural rate of healing is unusually fast.
You are covered in fur. (AC +1)
You have tough skin. (AC +1)


Message History

Found a stone staircase leading down.
f - 2 scrolls labelled HUWKAU MUREIRI (gained 1)
Found a stone staircase leading down.
An adder comes into view.
An adder is nearby!
The adder hisses angrily.
The adder barely misses you. The adder closely misses you.
You scratch the adder. Your claw misses the adder.
The adder is heavily wounded.
The adder bites you.
You are poisoned.
The adder poisons you!
You barely miss the adder.
The adder is heavily wounded.
You feel sick. The adder bites you.
You scratch the adder.
The adder is severely wounded.
You feel sick. The adder bites you but does no damage.
You claw the adder!
You kill the adder!
Trog accepts your kill.
You feel sick.
You have reached level 3!
Your experience leads to an increase in your attributes!
Increase (S)trength, (I)ntelligence, or (D)exterity?
Uppercase letters only, please.
You feel agile. x2; You feel stronger.
You feel sick.
You feel sick.
You feel sick.
You are no longer poisoned.
Found 16 gold pieces.
Found a cabochon ring.
You now have 82 gold pieces (gained 16).
g - a ring of positive energy Your movement speed is average.
Your attack delay is about 0.9.
Your damage rating with unarmed combat is about 17 (Base [9 + 3 (UC)] x 137% (Str) x 104% (Fight)).
Your movement speed is average.
Your attack delay is about 0.9.
Your damage rating with unarmed combat is about 17 (Base [9 + 3 (UC)] x 137% (Str) x 104% (Fight)).
Are you sure you want to abandon this character and quit the game? (Confirm with "yes".)

..##..###.#.#.###....
#....................
##..###....####.##. #
#..# #....# #.#
#.##..###....####.#
................#
#.......######.#
#.##..###..######.###
................@...#
#####.####.######.###
#####.#
#.######.########
......#
#......<.........
#######
#################


There were no monsters in sight!

Vanquished Creatures
  An adder (D:2)
  A dart slug (D:1)
  3 bats
  An endoplasm (D:2)
  A giant cockroach (D:1)
  2 goblins
  3 hobgoblins (D:1)
  2 quokkas
  A frilled lizard (D:2)
  4 rats (D:1)
19 creatures vanquished.

Notes
Turn   | Place    | Note
-------+----------+-------------------------------------------
     0 | D:1      | Nooble the Troll Berserker began the quest for the Orb.
     0 | D:1      | Reached XP level 1. HP: 22/22 MP: 0/0
   223 | D:1      | Reached XP level 2. HP: 28/29 MP: 1/1
  1213 | D:2      | Reached XP level 3. HP: 29/36 MP: 2/2
  1291 | D:2      | Quit the game

Illustrated notes

Levels and vault maps discovered:
D:1:      dpeg_arrival_rooms_with_view, layout_basic
D:2:      layout_basic

Action                     || total
---------------------------++-------
  Melee: Unarmed           ||    36
  Throw: Stone             ||     1
    Use: Scroll            ||     2
         Potion            ||     3
 Armour: Animal skin       ||     7
  Dodge: Dodged            ||    27
